[Event "Team 45 45 League T48"]
[Site "Internet Chess Club"]
[Date "2011.02.13"]
[Round "1"]
[White "almond123"]
[Black "theartist"]
[Result "0-1"]
[WhiteElo "1098"]
[BlackElo "1202"]
[Opening "French: Fort Knox variation"]
[ECO "C03"]
[Time "12:31:18"]
[TimeControl "2700+45"]

1. e4 e6 2. d4 d5 3. Nd2 dxe4 4. Nxe4 Bd7 5. Nf3 Bc6 6. Bd3 Nd7 7. c3 Ngf6 8.
Ng3 Bxf3 9. Qxf3 c6 10. O-O Be7 11. Re1 Qc7 12. Bf4 Bd6 13. Bxd6 Qxd6 14. Bf5
O-O-O 15. Bc2 e5 16. Rad1 Qe6 17. Bb3 Qe8 18. Nh5 Rg8 19. Qf5 Nxh5 20. Bxf7 g6
21. Qf3 Qf8 22. Bxg8 Qxf3 23. gxf3 Rxg8 24. dxe5 Re8 25. e6 Ndf6 26. e7 Nd5 27.
Kg2 Rxe7 28. Rxe7 Nxe7 29. Re1 Kd7 30. Re4 Nd5 31. Rd4 Ke6 32. Re4+ Kf7 33. Ra4
a6 34. Kh3 Nhf6 35. Rd4 g5 36. a3 Nf4+ 37. Kg3 h5 38. h4 Ne2+ 39. Kg2 Nxd4 40.
hxg5 Nd5 41. cxd4 Kg6 42. Kg3 Kxg5 43. Kh3 Nf4+ 44. Kg3 h4+ 45. Kh2 Nd3 46. b4
Nxf2 47. Kg2 Nd3 48. Kh2 Nf4 49. a4 Ne2 50. Kg2 Nxd4 51. Kf2 Kf4 52. Kg2 Nxf3
53. Kf1 Nd4 54. Kg2 Nc2 55. b5 axb5 56. axb5 cxb5 57. Kf2 b4 58. Ke2 h3 59. Kf2
b3 60. Kg1 b2 61. Kh2 b1=Q 62. Kxh3 Qg1 63. Kh4 {White resigns} 0-1

[Event "Team 45 45 League T48"]
[Site "Internet Chess Club"]
[Date "2011.02.12"]
[Round "1"]
[White "WzeroMN"]
[Black "XGG123"]
[Result "1-0"]
[WhiteElo "1147"]
[BlackElo "877"]
[Opening "Ruy Lopez: 5.O-O"]
[ECO "C78"]
[Time "16:00:12"]
[TimeControl "2700+45"]

1. e4 e5 2. Nf3 Nc6 3. Bb5 a6 4. Ba4 Nf6 5. O-O b5 6. Bb3 Bc5 7. Re1 O-O 8. d3
Bb4 9. Bd2 Bc5 10. Nc3 b4 11. Nd5 a5 12. Nxf6+ Qxf6 13. Bd5 Qh6 14. Bxh6 gxh6
15. Bxc6 dxc6 16. Nxe5 Bd6 17. Nxc6 Ra6 18. Nd4 Bc5 19. Nf5 Bxf5 20. exf5 Rf6
21. Qg4+ Kh8 22. d4 Bd6 23. Qe4 c5 24. dxc5 Bxc5 25. Qe5 Rc8 26. Qxf6+ Kg8 27.
Re4 Kf8 28. Qh8# {Black checkmated} 1-0

[Event "Team 45 45 League T48"]
[Site "Internet Chess Club"]
[Date "2011.02.12"]
[Round "1"]
[White "Razorbackchess"]
[Black "misuc56"]
[Result "0-1"]
[WhiteElo "1798"]
[BlackElo "1949"]
[Opening "English: symmetrical variation"]
[ECO "A30"]
[Time "17:01:22"]
[TimeControl "2700+45"]

1. c4 c5 2. g3 d6 3. Bg2 Nc6 4. Nc3 g6 5. a3 Bg7 6. Rb1 Bd7 7. e4 a6 8. Nge2 Rb8
9. a4 Nd4 10. Nxd4 Bxd4 11. Ne2 Bg7 12. O-O b5 13. axb5 axb5 14. d3 bxc4 15.
dxc4 h5 16. Qc2 Nf6 17. Nc3 h4 18. Nd5 Nxd5 19. exd5 Bf6 20. Re1 hxg3 21. fxg3
Kf8 22. b3 Kg7 23. Bb2 Rh6 24. Bxf6+ exf6 25. Qc3 Bf5 26. Be4 Qd7 27. Bxf5 Qxf5
28. Rf1 Qe5 29. Qf3 f5 30. Rfe1 Qd4+ 31. Qe3 Qxe3+ 32. Rxe3 Kf6 33. Ra1 Rb6 34.
Ra7 Rh8 35. Ree7 Rf8 36. Reb7 Rxb7 37. Rxb7 Ke5 38. Kf2 g5 39. h4 gxh4 40. gxh4
Rh8 41. Rxf7 Rxh4 42. Re7+ Kd4 43. Re6 Rh3 44. Rxd6 Rxb3 45. Rf6 Ke5 46. Re6+
Kf4 47. Rc6 Rb2+ 48. Ke1 Ke3 49. Kf1 Kd4 50. Rf6 Kxc4 51. Rxf5 Rd2 52. Ke1 Rd4
53. Ke2 Kc3 54. Ke3 c4 55. Ke2 Kc2 56. Ke1 c3 57. Rf2+ Kc1 58. Rf3 c2 59. Rc3
Rxd5 60. Ke2 Kb2 61. Rc8 c1=Q {White resigns} 0-1

[Event "Team 45 45 League T48"]
[Site "Internet Chess Club"]
[Date "2011.02.12"]
[Round "1"]
[White "xt"]
[Black "Tamarin"]
[Result "1-0"]
[WhiteElo "1539"]
[BlackElo "1727"]
[Opening "Giuoco Piano: LaBourdonnais variation"]
[ECO "C53"]
[Time "00:33:54"]
[TimeControl "2700+45"]

1. e4 e5 2. Nf3 Nc6 3. Bc4 Bc5 4. c3 d6 5. d4 exd4 6. cxd4 Bb6 7. Bg5 f6 8. Bf4
Nge7 9. h3 Ng6 10. Bg3 Qe7 11. O-O Na5 12. Bd3 Nc6 13. Bc4 Bd7 14. a3 O-O-O 15.
Nc3 f5 16. Re1 Qf6 17. Nd5 Qf8 18. b4 Nce7 19. Nxb6+ axb6 20. Ng5 fxe4 21. Nf7
d5 22. Nxh8 Nxh8 23. Bb3 Nhg6 24. Rc1 c6 25. b5 Nf4 26. Bh4 Nd3 27. bxc6 bxc6
28. Bxe7 Qxf2+ 29. Kh1 Qg3 30. Re2 Nxc1 31. Qxc1 Re8 32. Re3 Qf4 33. Bb4 Qg5 34.
Bd2 Qf5 35. Rg3 Qf7 36. Bf4 h6 37. Kg1 Rf8 38. Be3 g5 39. a4 Kb7 40. Qe1 Qe7 41.
Bd1 c5 42. a5 Bb5 43. Be2 Bxe2 44. Qxe2 cxd4 45. Bxd4 bxa5 46. Qb5+ Kc7 47. Rc3+
{Black forfeits on time} 1-0

[Event "Team 45 45 League T48"]
[Site "Internet Chess Club"]
[Date "2011.02.13"]
[Round "1"]
[White "badmove"]
[Black "Chess64655"]
[Result "1-0"]
[WhiteElo "1732"]
[BlackElo "1650"]
[Opening "Sicilian: closed"]
[ECO "B23"]
[Time "15:00:59"]
[TimeControl "2700+45"]

1. e4 c5 2. Nc3 d6 3. g3 b6 4. Bg2 Bb7 5. d3 Nf6 6. f4 e6 7. Nf3 Be7 8. O-O O-O
9. h3 Nbd7 10. g4 e5 11. f5 d5 12. exd5 Nxd5 13. Nxd5 Bxd5 14. Qe1 Re8 15. Bd2
Bxf3 16. Bxf3 Bh4 17. Qe2 Rc8 18. Be1 Nb8 19. Qg2 Qd4+ 20. Kh1 Bg5 21. Bc3 Qd6
22. Be4 Nc6 23. Bd2 Bxd2 24. Qxd2 Ne7 25. Qg5 Qf6 26. Qe3 h6 27. Rf2 Rcd8 28.
Rg1 Nd5 29. Qg3 Nf4 30. h4 g5 31. fxg6 fxg6 32. g5 hxg5 33. hxg5 Qe6 34. Rh2 Re7
35. Qh4 Kf7 36. Rf1 Ke8 37. Bf3 Rg7 38. Re1 Rd4 39. Qh8+ Kf7 40. Rh7 Rxh7+ 41.
Qxh7+ Kf8 42. Qh8+ Kf7 43. Rxe5 Qh3+ 44. Qxh3 Nxh3 45. Kh2 Nf4 46. Kg3 Nh5+ 47.
Kf2 Ng7 48. Be4 Nf5 49. Bxf5 Rf4+ 50. Ke3 Rxf5 51. Rxf5+ gxf5 52. Kf4 Kg6 53. c3
b5 54. d4 c4 55. d5 a5 56. d6 Kf7 57. Kxf5 b4 58. g6+ Ke8 59. Kf6 a4 60. g7 a3
61. g8=Q+ Kd7 62. bxa3 {Black resigns} 1-0

[Event "Team 45 45 League T48"]
[Site "Internet Chess Club"]
[Date "2011.02.13"]
[Round "1"]
[White "CKNIGHT3"]
[Black "MateIn42"]
[Result "0-1"]
[WhiteElo "1600"]
[BlackElo "1447"]
[Opening "Nimzo-Indian: 4.e3 e8g8, 5.Nf3, without ...d5"]
[ECO "E50"]
[Time "12:01:15"]
[TimeControl "2700+45"]

1. d4 Nf6 2. c4 e6 3. Nc3 Bb4 4. e3 O-O 5. Nf3 c5 6. Bd3 cxd4 7. exd4 Bxc3+ 8.
bxc3 b6 9. Bg5 Bb7 10. O-O d6 11. Nd2 Nbd7 12. Ne4 Bxe4 13. Bxe4 Rc8 14. Bd3 Qc7
15. Rc1 e5 16. Bf5 Rce8 17. Bd3 e4 18. Be2 h6 19. Be3 Nh7 20. Bf4 Ndf6 21. c5
bxc5 22. dxc5 Rd8 23. Bxd6 Qa5 24. Qb3 Rfe8 25. Bb5 Rb8 26. Bxb8 Rxb8 27. c4 a6
28. Qa4 Rxb5 29. cxb5 Qxa4 30. c6 Nd5 31. Rfd1 Nhf6 32. b6 Nxb6 33. c7 Nfd7 34.
Rd2 Kf8 35. Rcd1 Ke8 36. Rc1 Qa5 37. Rcd1 Qb5 38. Rc1 Nc8 39. Re1 f5 40. Rc1 Qb6
41. Rdc2 Qd6 42. Rc6 Qa3 43. Rd1 Ke7 44. Rg6 Qc3 45. h3 Qxc7 46. Rxg7+ Ke6 47.
Rg6+ Nf6 48. Rxh6 Qg7 49. Rh4 Ne7 50. Kh2 Ng6 51. g3 Nxh4 52. gxh4 Qh6 53. Kg3
f4+ 54. Kg2 Qxh4 55. Rh1 f3+ 56. Kf1 Ng4 57. Ke1 Qxf2+ 58. Kd1 Ne3+ 59. Kc1 Qc2#
{White checkmated} 0-1

[Event "Team 45 45 League T48"]
[Site "Internet Chess Club"]
[Date "2011.02.14"]
[Round "1"]
[White "imawesome"]
[Black "gerailen0075"]
[Result "1-0"]
[WhiteElo "1729"]
[BlackElo "1850"]
[Opening "French: exchange variation"]
[ECO "C01"]
[Time "20:11:10"]
[TimeControl "2700+45"]

1. e4 e6 2. d4 d5 3. exd5 exd5 4. c4 Nf6 5. Nc3 Bb4 6. Nf3 O-O 7. Be2 Bg4 8. Be3
dxc4 9. Bxc4 Nc6 10. O-O Rb8 11. Be2 Nd5 12. Qd3 Nxc3 13. bxc3 Bxf3 14. Bxf3 Ne5
15. Qc2 Nxf3+ 16. gxf3 Bd6 17. Qf5 Re8 18. Kh1 Re6 19. Rg1 c6 20. Rg2 Qc7 21.
Rag1 Rg6 22. c4 b5 23. c5 Bf8 24. Bf4 Qc8 25. Qe5 Rb7 26. Qe4 Re7 27. Qd3 Qe6
28. Rxg6 hxg6 29. Qb3 Qf5 30. Be5 Rd7 31. Re1 Be7 32. Re4 Bg5 33. Bd6 Qh3 34.
Kg1 Kh7 35. d5 f5 36. Rd4 Rxd6 37. cxd6 c5 38. f4 Qxb3 39. axb3 cxd4 40. fxg5 d3
41. Kf1 {Black resigns} 1-0

[Event "Team 45 45 League T48"]
[Site "Internet Chess Club"]
[Date "2011.02.12"]
[Round "1"]
[White "ILRE"]
[Black "ryan2chess"]
[Result "1/2-1/2"]
[WhiteElo "1678"]
[BlackElo "1905"]
[Opening "Sicilian: closed"]
[ECO "B24"]
[Time "13:00:26"]
[TimeControl "2700+45"]

1. e4 c5 2. Nc3 Nc6 3. g3 Nf6 4. Bg2 g6 5. d3 Bg7 6. f4 d6 7. h3 O-O 8. Nf3 Bd7
9. O-O a6 10. Be3 b5 11. g4 b4 12. Ne2 a5 13. Qe1 e6 14. Rd1 Qe7 15. Qh4 Ne8 16.
Qxe7 Nxe7 17. e5 Nd5 18. Bc1 dxe5 19. Nxe5 Ba4 20. b3 Bb5 21. Rde1 Rd8 22. a4
Ba6 23. Nc6 Rd6 24. Nxa5 Nec7 25. Nc4 Bxc4 26. dxc4 Nc3 27. Be3 Bd4 28. Nxc3
bxc3 29. Bf2 Na6 30. Re2 Nb4 31. Kh2 Rfd8 32. Bh4 R8d7 33. f5 Bg7 34. fxe6 Rxe6
35. Rxe6 fxe6 36. Rf2 Rd2 37. Rxd2 cxd2 38. Bf3 Nxc2 39. Bf2 Bf8 40. Kg2 e5 41.
Kf1 Nd4 42. Bxd4 exd4 43. Ke2 Kf7 44. Kxd2 Bd6 45. Kd3 Ke6 46. Ke4 g5 47. Be2
Bc7 48. Bd3 h6 49. Be2 Ba5 50. Bf3 Bb4 51. Be2 Ba5 52. Bd3 Bb4 53. Be2 Bc3 {Game
drawn by mutual agreement} 1/2-1/2

[Event "Team 45 45 League T48"]
[Site "Internet Chess Club"]
[Date "2011.02.15"]
[Round "1"]
[White "juniorVishy"]
[Black "BrandonBee"]
[Result "1-0"]
[WhiteElo "1680"]
[BlackElo "1567"]
[Opening "Dutch with c4 & Nc3"]
[ECO "A85"]
[Time "16:00:15"]
[TimeControl "2700+45"]

1. d4 f5 2. c4 Nf6 3. Nc3 g6 4. Bf4 Bg7 5. Nf3 O-O 6. Qd2 c6 7. Bh6 Na6 8. Bxg7
Kxg7 9. e3 d6 10. Be2 Nc7 11. O-O e6 12. a3 Bd7 13. b4 Qe7 14. c5 d5 15. Ne5 Be8
16. Rfb1 Nd7 17. Nxd7 Bxd7 18. a4 h5 19. b5 Rh8 20. bxc6 Bxc6 21. Nb5 g5 22.
Nxc7 Qxc7 23. e4 f4 24. e5 Qf7 25. g3 Qf5 26. gxf4 gxf4 27. Qd3 Raf8 28. Kh1 Rh6
29. Rg1+ Rg6 30. Qxf5 exf5 31. Bxh5 Rxg1+ 32. Rxg1+ Kh6 33. Bd1 Rf7 34. Rg2 Rg7
35. Rxg7 Kxg7 36. Kg2 Kg6 37. Kf3 Kg5 38. h4+ Kxh4 39. Kxf4 Bd7 40. a5 Kh3 41.
Bc2 Kg2 42. Bxf5 Bc6 43. f3 Kf2 44. e6 Ke2 45. e7 Kd2 {Black resigns} 1-0

[Event "Team 45 45 League T48"]
[Site "Internet Chess Club"]
[Date "2011.02.12"]
[Round "1"]
[White "Helaman"]
[Black "baseball613"]
[Result "1/2-1/2"]
[WhiteElo "1441"]
[BlackElo "1395"]
[Opening "Caro-Kann: Steinitz variation"]
[ECO "B17"]
[Time "15:30:55"]
[TimeControl "2700+45"]

1. e4 c6 2. d4 d5 3. Nc3 dxe4 4. Nxe4 Nd7 5. Qe2 e6 6. Nf3 Ngf6 7. Bf4 Be7 8.
Nd6+ Kf8 9. Ng5 Bxd6 10. Bxd6+ Kg8 11. Nxe6 Qa5+ 12. c3 Qd5 13. Nc7 Qxd6 14.
Nxa8 Qb8 15. Qe7 g6 16. Bc4 Nd5 17. Bxd5 cxd5 18. O-O Qxa8 19. f4 Nb6 20. Qe8+
Kg7 21. Qe5+ Kg8 22. Qe8+ Kg7 23. Qe5+ Kg8 {Game drawn by mutual agreement}
1/2-1/2

[Event "Team 45 45 League T48"]
[Site "Internet Chess Club"]
[Date "2011.02.15"]
[Round "1"]
[White "KyleMayhugh"]
[Black "kidcobra"]
[Result "1/2-1/2"]
[WhiteElo "1375"]
[BlackElo "1769"]
[Opening "Pirc defense"]
[ECO "B07"]
[Time "13:00:49"]
[TimeControl "2700+45"]

1. e4 d6 2. d4 Nf6 3. Bd3 g6 4. Ne2 Bg7 5. c4 O-O 6. Nbc3 c6 7. Bf4 Nbd7 8. O-O
e5 9. dxe5 dxe5 10. Be3 Qc7 11. b4 Nb6 12. c5 Nbd7 13. Qb3 b6 14. Na4 b5 15.
Nac3 Bb7 16. Rad1 Rfd8 17. h3 a5 18. a3 a4 19. Qb2 Nf8 20. Bb1 Ne6 21. Ba2 Qe7
22. Rd2 Rxd2 23. Qxd2 Rd8 24. Qb2 Nd4 25. Rd1 Nxe2+ 26. Qxe2 Rxd1+ 27. Qxd1 Qd7
28. Qxd7 Nxd7 29. Kf1 Kf8 30. Ke2 Ke7 31. g4 f6 32. f3 g5 33. Kd3 h6 34. Ne2 Nf8
35. Ng3 Bc8 {Game drawn by mutual agreement} 1/2-1/2

[Event "Team 45 45 League T48"]
[Site "Internet Chess Club"]
[Date "2011.02.14"]
[Round "1"]
[White "tryanything"]
[Black "BrianWood"]
[Result "0-1"]
[WhiteElo "1553"]
[BlackElo "1366"]
[Opening "Giuoco Piano"]
[ECO "C50"]
[Time "17:47:02"]
[TimeControl "2700+45"]

1. e4 e5 2. Nf3 Nc6 3. Bc4 Bc5 4. O-O Nf6 5. c3 d6 6. d4 exd4 7. cxd4 Bb6 8. Bg5
Bg4 9. Qb3 O-O 10. e5 Bxf3 11. Qxf3 dxe5 12. dxe5 Nxe5 13. Qb3 Nxc4 14. Qxc4 Qd4
15. Qxd4 Bxd4 16. Nc3 Bxc3 17. bxc3 Ne4 18. Bf4 Nxc3 19. Bxc7 Rac8 20. Bd6 Rfe8
21. h3 Rcd8 22. Rfe1 Ne2+ 23. Kf1 Rxd6 24. Rxe2 Rxe2 25. Kxe2 b5 26. Rc1 g6 27.
g4 b4 28. Rc2 a5 29. Ke3 Rb6 30. Kd4 a4 31. Rb2 b3 32. axb3 a3 33. Ra2 Rxb3 34.
h4 f5 35. gxf5 gxf5 36. Ke5 Rb5+ 37. Kf6 Ra5 38. h5 f4 39. h6 f3 40. Ke6 Kf8 41.
Kf6 Ra6+ 42. Kg5 Kf7 43. Kg4 Kg6 44. Kxf3 Kxh6 45. Kg4 Kg6 46. f4 h5+ 47. Kh4
Ra4 48. Kg3 Kf5 49. Kh4 Kxf4 50. Kxh5 Ke3 51. Kg5 Kd3 52. Kf5 Kc3 53. Ke5 Kb3
54. Rf2 a2 55. Rf3+ Kc2 56. Rf2+ Kd3 {White resigns} 0-1

[Event "Team 45 45 League T48"]
[Site "Internet Chess Club"]
[Date "2011.02.13"]
[Round "1"]
[White "PANAMA-REY"]
[Black "LeanSixSigma"]
[Result "0-1"]
[WhiteElo "1392"]
[BlackElo "1415"]
[Opening "Two knights defense"]
[ECO "C58"]
[Time "13:00:11"]
[TimeControl "2700+45"]

1. e4 e5 2. Bc4 Nf6 3. Nf3 Nc6 4. Ng5 d5 5. exd5 Na5 6. Bb5+ Bd7 7. a4 Bxb5 8.
axb5 b6 9. Nc3 Nc4 10. d3 Nd6 11. O-O h6 12. Nf3 Be7 13. Nxe5 O-O 14. Re1 Nc8
15. Nc6 Qd7 16. Qf3 Bd6 17. Bxh6 Qg4 18. Qxg4 Nxg4 19. Bg5 Bxh2+ 20. Kh1 Bd6 21.
Ne4 f6 22. Bd2 Ne5 23. g3 Nxc6 24. dxc6 Be5 25. c3 Nd6 26. d4 Nxe4 27. Rxe4 Bd6
28. Kg2 Kf7 29. d5 Rh8 30. Rea4 Rh5 31. c4 Rah8 32. Rxa7 Rh2+ 33. Kf3 R8h5 34.
Be3 Rf5+ 35. Ke2 Bxg3 36. Bxb6 Rhxf2+ 37. Bxf2 Rxf2+ 38. Ke3 Rxb2 39. R1a2 Rb3+
40. Ke2 Rb4 41. R2a4 Rb2+ 42. Kf3 Rb3+ 43. Kg4 Be5 44. Rb7 Rg3+ 45. Kh4 g5+ 46.
Kh5 Rh3+ 47. Kg4 Rg3+ 48. Kf5 Rf3+ 49. Kg4 Rf4+ 50. Kg3 Rxc4+ 51. Kg2 Rxa4 52.
b6 Ra2+ 53. Kf3 Ra3+ 54. Kg4 Kg6 55. bxc7 Rg3# {White checkmated} 0-1

[Event "Team 45 45 League T48"]
[Site "Internet Chess Club"]
[Date "2011.02.10"]
[Round "1"]
[White "KidRattler"]
[Black "Tinks12345"]
[Result "0-1"]
[WhiteElo "1250"]
[BlackElo "1305"]
[Opening "Two knights defense"]
[ECO "C58"]
[Time "10:00:42"]
[TimeControl "2700+45"]

1. e4 e5 2. Nf3 Nc6 3. Bc4 Nf6 4. Ng5 d5 5. exd5 Na5 6. Bb5+ Bd7 7. Qe2 Be7 8.
a3 c6 9. dxc6 Bxc6 10. b4 Qd7 11. Qxe5 Bxb5 12. bxa5 O-O 13. Nc3 Ba6 14. Qe3
Rfe8 15. Qh3 h6 16. Nge4 Qxh3 17. gxh3 Nxe4 18. Nxe4 Bxa3 19. Rxa3 Rxe4+ 20. Re3
Rae8 21. d3 Rxe3+ 22. Bxe3 Re5 23. Kd2 Rxa5 24. Bxa7 Bxd3 25. Bb6 Rb5 26. Kxd3
Rxb6 27. Re1 Rd6+ 28. Kc3 Rf6 29. Rf1 Rf3+ 30. Kb4 Rxh3 31. Rh1 Rf3 32. Rf1 Rh3
33. Rh1 Rh4+ 34. Kc5 Kf8 35. Kb6 Rb4+ 36. Kc7 Rb2 37. Rf1 Rxc2+ 38. Kxb7 f6 39.
h4 g5 40. f4 Kg7 41. Rg1 Kg6 42. fxg5 fxg5 43. hxg5 hxg5 44. Rd1 g4 45. Rd6+ Kf5
46. Rd5+ Kf4 47. Rd4+ Kf3 48. Rd3+ Kf2 49. Rd8 g3 50. Rf8+ Kg1 51. Rg8 g2 52.
Rg3 Kf1 53. Rf3+ Rf2 54. Rg3 g1=Q 55. Rxg1+ Kxg1 56. Kc6 Rf5 57. Kd6 Kf2 58. Ke6
Ra5 59. Kd6 Ke3 60. Ke6 Kd4 61. Kf6 Ke4 62. Ke6 Ra6+ 63. Kd7 Ke5 64. Kc7 Kd5 65.
Kd7 Ra7+ 66. Ke8 Kd6 67. Kf8 Ke6 68. Kg8 Kf6 69. Kh8 Kg6 70. Kg8 Ra8# {White
checkmated} 0-1

[Event "Team 45 45 League T48"]
[Site "Internet Chess Club"]
[Date "2011.02.13"]
[Round "1"]
[White "Gilguli"]
[Black "crazyhorses"]
[Result "0-1"]
[WhiteElo "1287"]
[BlackElo "1445"]
[Opening "QGA, Bogolyubov variation"]
[ECO "D24"]
[Time "14:30:21"]
[TimeControl "2700+45"]

1. d4 d5 2. Nf3 Nf6 3. c4 dxc4 4. Nc3 a6 5. e4 b5 6. Bg5 Bb7 7. Bxf6 exf6 8. d5
Bc5 9. a4 Bb4 10. Nd4 c6 11. axb5 axb5 12. Rxa8 Bxa8 13. Nf5 g6 14. Nh6 cxd5 15.
exd5 Qxd5 16. Ng4 Nd7 17. Qe2+ Kf8 18. Ne3 Qc6 19. h4 Kg7 20. h5 Re8 21. Qg4 Nc5
22. Be2 Nd3+ 23. Kf1 Bxc3 24. bxc3 Qe4 25. Bf3 Qxg4 26. h6+ Kf8 27. Bxg4 f5 28.
Be2 f4 29. Ng4 Re6 30. Rh3 Bxg2+ 31. Kxg2 Rxe2 32. Rf3 Re6 33. Kh3 f5 34. Nh2
Re1 35. Kg2 Rc1 36. Nf1 Rxc3 37. Rh3 Ne1+ 38. Kh2 Rxh3+ 39. Kxh3 c3 {White
resigns} 0-1

[Event "Team 45 45 League T48"]
[Site "Internet Chess Club"]
[Date "2011.02.11"]
[Round "1"]
[White "mongmong"]
[Black "arconia"]
[Result "1-0"]
[WhiteElo "1607"]
[BlackElo "1363"]
[Opening "Queen's pawn game"]
[ECO "D04"]
[Time "20:00:34"]
[TimeControl "2700+45"]

1. d4 d5 2. Nf3 Nf6 3. e3 Bd7 4. Bd3 c5 5. c3 Nc6 6. Nbd2 g6 7. O-O Bg7 8. Qe2
O-O 9. dxc5 Bg4 10. h3 Bxf3 11. Nxf3 Re8 12. Bd2 e5 13. Bb5 Rc8 14. Rfd1 a6 15.
Ba4 Ne4 16. Be1 Nxc5 17. Bc2 e4 18. Nd2 Ne5 19. Nxe4 f5 20. Nxc5 Rxc5 21. Bb3 f4
22. exf4 Nc4 23. Qc2 b5 24. Bxc4 Rxc4 25. f5 Rce4 26. fxg6 hxg6 27. Qd3 d4 28.
cxd4 Rxd4 29. Qb3+ Kh7 30. Rxd4 Bxd4 31. Qf7+ Kh6 32. Bd2+ g5 33. h4 Bf6 34.
Bxg5+ Bxg5 35. hxg5+ Kxg5 36. Qg7+ Kf5 37. Qh7+ Kf6 38. Qh4+ Kf7 39. Qxd8 Rxd8
40. g3 Rd3 41. Kf1 Ke6 42. Ke2 Rd4 43. Rd1 Rc4 44. Rd2 Ke5 45. b3 Rb4 46. f3 a5
47. Rd3 a4 48. Ke3 {Black resigns} 1-0

[Event "Team 45 45 League T48"]
[Site "Internet Chess Club"]
[Date "2011.02.13"]
[Round "1"]
[White "eyalki"]
[Black "seattleblues"]
[Result "0-1"]
[WhiteElo "1386"]
[BlackElo "1360"]
[Opening "French defense"]
[ECO "C00"]
[Time "06:30:28"]
[TimeControl "2700+45"]

1. e4 e6 2. Nf3 d5 3. exd5 exd5 4. d4 Bd6 5. Nc3 c6 6. Be2 Ne7 7. O-O O-O 8. Bd3
Bf5 9. Ne2 Bxd3 10. Qxd3 Ng6 11. Bg5 f6 12. Bh4 Nd7 13. Bg3 Be7 14. Nf4 Nxf4 15.
Bxf4 Re8 16. Nh4 Nf8 17. Nf5 Ng6 18. Nxe7+ Rxe7 19. Bg3 Qd7 20. Rfe1 Rxe1+ 21.
Rxe1 Re8 22. Rxe8+ Qxe8 23. Kf1 Qe4 24. Qxe4 dxe4 25. Ke2 Kf7 26. f4 f5 27. c4
Ke6 28. b4 h5 29. Ke3 Ne7 30. Bh4 Ng6 31. Bg5 a6 32. a4 Nh8 33. a5 Nf7 34. c5
Nxg5 35. fxg5 g6 36. Kd2 Kd5 37. Kc3 e3 38. Kd3 e2 39. Kxe2 Kxd4 40. Kf3 Kc4 41.
Kf4 Kd5 42. h3 Kd4 43. g4 hxg4 44. hxg4 fxg4 45. Kxg4 Ke5 46. Kg3 Kf5 47. Kh4
Kf4 48. Kh3 Kxg5 49. Kg3 Kf5 50. Kf3 g5 51. Kg2 g4 52. Kg3 Ke4 53. Kxg4 Kd4 54.
Kf5 Kc4 55. Ke6 Kxb4 56. Kd6 Kxa5 57. Kc7 Kb5 58. Kxb7 Kxc5 59. Kxa6 Kc4 60. Kb6
c5 61. Kc6 Kb4 62. Kd5 c4 63. Kd4 c3 64. Kd3 Kb3 65. Ke2 c2 66. Kd2 Kb2 {White
resigns} 0-1

[Event "Team 45 45 League T48"]
[Site "Internet Chess Club"]
[Date "2011.02.13"]
[Round "1"]
[White "koni"]
[Black "Wheels"]
[Result "0-1"]
[WhiteElo "1880"]
[BlackElo "1856"]
[Opening "Torre attack (Tartakower variation)"]
[ECO "D03"]
[Time "12:34:01"]
[TimeControl "2700+45"]

1. d4 d5 2. Nf3 Nf6 3. Bg5 e6 4. e3 c5 5. c3 Be7 6. Nbd2 Nbd7 7. Bd3 b6 8. O-O
O-O 9. Ne5 Nxe5 10. dxe5 Nd7 11. Bf4 c4 12. Bc2 Qc7 13. Nf3 Bb7 14. h4 h6 15.
Bh2 Nc5 16. Nd4 Bxh4 17. Qg4 Be7 18. Bf4 Kh8 19. Kh2 Rfe8 20. Qh5 Bf8 21. Rh1
Nd3 22. Nb5 Qc6 23. Nd6 Bxd6 24. Bxh6 Bxe5+ 25. Kg1 gxh6 26. Bxd3 Bg7 27. Bc2 d4
28. Qg5 d3 29. Rxh6+ Bxh6 30. Qxh6+ Kg8 31. Qg5+ Kf8 32. Bd1 Qxg2+ 33. Qxg2 Bxg2
34. Kxg2 Ke7 35. Ba4 Rg8+ 36. Kf3 f5 37. Rh1 Rh8 38. Rh7+ Rxh7 {White resigns}
0-1

[Event "Team 45 45 League T48"]
[Site "Internet Chess Club"]
[Date "2011.02.11"]
[Round "1"]
[White "giltar"]
[Black "BigH"]
[Result "1-0"]
[WhiteElo "1865"]
[BlackElo "1806"]
[Opening "Queen's pawn: Yusupov-Rubinstein system"]
[ECO "A46"]
[Time "07:55:10"]
[TimeControl "2700+45"]

1. d4 Nf6 2. Nf3 e6 3. e3 b6 4. Bd3 Bb7 5. O-O c5 6. c4 Nc6 7. Nc3 Bd6 8. Nb5
Bb8 9. dxc5 bxc5 10. b3 a6 11. Nc3 Ne5 12. Be2 Qc7 13. g3 Qc6 14. Kg2 g5 15. e4
g4 16. Nxe5 Bxe5 17. Bb2 Nxe4 18. Nxe4 Bxb2 19. f3 Bxa1 20. Qxa1 O-O-O 21. Qg7
f5 22. Nf6 Qd6 23. Nh5 Qd2 24. Rf2 gxf3+ 25. Bxf3 Bxf3+ 26. Kxf3 Qe1 27. Re2
Qf1+ 28. Rf2 Qd3+ 29. Kg2 Qe4+ 30. Kg1 e5 31. Qe7 Qd4 32. Qf6 Qd1+ 33. Kg2 Qxh5
34. Qxa6+ Kc7 35. Rd2 Ra8 36. Qd6+ Kb7 37. Qxd7+ Kb8 38. Qb5+ Kc8 39. Qxc5+ Kb8
40. Qxe5+ Kc8 41. Qxh8+ Kb7 42. Qg7+ Kb6 43. Qd4+ Ka6 44. Qd6+ Kb7 45. Qd7+ Kb8
46. Qb5+ Kc8 47. Qc6+ {Black resigns} 1-0

[Event "Team 45 45 League T48"]
[Site "Internet Chess Club"]
[Date "2011.02.15"]
[Round "1"]
[White "Plattner"]
[Black "Philly-Boy"]
[Result "0-1"]
[WhiteElo "1777"]
[BlackElo "1867"]
[Opening "Nimzo-Indian: Kmoch variation"]
[ECO "E20"]
[Time "15:00:04"]
[TimeControl "2700+45"]

1. d4 Nf6 2. c4 e6 3. Nc3 Bb4 4. f3 Nc6 5. e4 d5 6. cxd5 exd5 7. e5 Ng8 8. Be3
Nh6 9. Bb5 Nf5 10. Bf2 Qg5 11. g3 O-O 12. f4 Qh6 13. Nf3 Nfe7 14. O-O Bg4 15.
Be2 Nd8 16. Qb3 Bxc3 17. Qxc3 c6 18. Rfe1 Qh5 19. Qd3 Ne6 20. Nh4 g5 21. fxg5
Nxg5 22. Bxg4 Qxg4 23. Qe2 Qxe2 24. Rxe2 Ne4 25. Rf1 f6 26. Be3 fxe5 27. dxe5
Rxf1+ 28. Kxf1 Rf8+ 29. Ke1 Nf5 30. Nxf5 Rxf5 31. Bf4 Kf7 32. Kd1 Ke6 33. Kc2
Nc5 34. b4 Nd7 35. Kd3 b6 36. Rc2 c5 37. bxc5 bxc5 38. Rb2 Rf7 39. Re2 Rf8 40.
Rb2 Rb8 41. Rc2 Rb5 42. Re2 Ra5 43. g4 Ra3+ {White resigns} 0-1

[Event "Team 45 45 League T48"]
[Site "Internet Chess Club"]
[Date "2011.02.12"]
[Round "1"]
[White "Monsieur"]
[Black "Nakke"]
[Result "0-1"]
[WhiteElo "1546"]
[BlackElo "1739"]
[Opening "Richter-Veresov attack, Veresov variation"]
[ECO "D01"]
[Time "05:04:36"]
[TimeControl "2700+45"]

1. d4 Nf6 2. Nc3 d5 3. Bg5 Bf5 4. Bxf6 exf6 5. Nf3 c6 6. Nh4 Be6 7. e4 dxe4 8.
g3 f5 9. Qd2 Be7 10. Ng2 O-O 11. Be2 Bf6 12. Rd1 Qa5 13. a3 Rd8 14. Nxe4 Qxd2+
15. Nxd2 Rxd4 16. c3 Rd8 17. O-O Na6 18. Nc4 b5 19. Rxd8+ Rxd8 20. Na5 Nb8 21.
Bf3 Rd2 22. b4 Bxc3 23. Nxc6 Nxc6 24. Bxc6 Bc4 25. Re1 g6 26. Ne3 Bd4 27. Rc1
Bxe3 28. fxe3 Bd5 29. Bxd5 Rxd5 30. Rc7 Rd3 31. Rxa7 Rxe3 32. a4 bxa4 33. Rxa4
Rb3 34. Ra8+ Kg7 35. Rb8 Rb2 36. h4 Kh6 37. Kf1 Kh5 38. Ke1 Kg4 39. Kd1 Kxg3 40.
Kc1 Re2 41. Rf8 Re7 42. Rd8 f4 43. b5 f3 44. Rd3 Kg2 45. Rd4 f2 46. Rf4 f1=R+
47. Rxf1 Kxf1 48. Kc2 f5 49. Kc3 f4 50. Kc4 f3 51. Kc5 f2 52. Kc6 Kg1 53. b6
f1=Q 54. b7 Qf6+ {White resigns} 0-1

[Event "Team 45 45 League T48"]
[Site "Internet Chess Club"]
[Date "2011.02.12"]
[Round "1"]
[White "viking99"]
[Black "SlimeDog2"]
[Result "1/2-1/2"]
[WhiteElo "1886"]
[BlackElo "2058"]
[Opening "Petrov: classical attack, Marshall variation"]
[ECO "C42"]
[Time "22:03:00"]
[TimeControl "2700+45"]

1. e4 e5 2. Nf3 Nf6 3. Nxe5 d6 4. Nf3 Nxe4 5. d4 d5 6. Bd3 Bd6 7. c4 c6 8. O-O
O-O 9. Nc3 Nxc3 10. bxc3 dxc4 11. Bxc4 Bg4 12. h3 Bh5 13. Qb3 b5 14. Be2 Re8 15.
Qc2 Nd7 16. Bd3 Bxf3 17. gxf3 Qh4 18. Kg2 Nb6 19. Be4 Nd5 20. Rg1 Bf4 21. Bxd5
cxd5 22. Qf5 Bxc1 23. Raxc1 Re6 24. Kf1 Rae8 25. Rg3 b4 26. cxb4 Qxd4 27. Rg4
Qd2 28. Rc7 Qe1+ 29. Kg2 Rf8 30. Qxd5 Re2 31. Rxg7+ Kxg7 32. Qg5+ Kh8 33. Qf6+
Kg8 34. Qg5+ Kh8 35. Qf6+ Kg8 {Game drawn by mutual agreement} 1/2-1/2